 Dungeon Crawl Stone Soup version 0.23.2-40-g277498a001 (webtiles) character file.

Game seed: 3045650185451563512

1351 Amplified the Grave Robber (level 8, -3/73 HPs)
             Began as a Deep Dwarf Necromancer on Aug 23, 2019.
             Was a Follower of Makhleb.
             Slain by a wyvern skeleton (13 damage)
             ... on level 6 of the Dungeon.
             The game lasted 00:16:41 (6333 turns).

Amplified the Grave Robber (Deep Dwarf Necromancer) Turns: 6333, Time: 00:16:42

Health: -3/73      AC: 12    Str: 13    XL:     8   Next: 36%
Magic:  12/12      EV: 12    Int: 17    God:    Makhleb [*.....]
Gold:   168        SH:  6    Dex: 13    Spells: 5/14 levels left

rFire    + . .     SeeInvis .   h - +2 flail (pain)
rCold    + . .     Gourm    .   c - +2 buckler
rNeg     . . .     Faith    .   r - +2 leather armour {rF+}
rPois    .         Spirit   .   (no helmet)
rElec    .         Reflect  .   (no cloak)
rCorr    .         Harm     .   k - +2 pair of gloves
MR       +....                  (no boots)
Stlth    ++........             f - amulet of rage
HPRegen  0.00/turn              e - ring of protection from cold
MPRegen  0.13/turn              n - +4 ring of protection

@: non-regenerating
A: damage resistance, heal wounds, sense surroundings 1, no regeneration
a: Heal Wounds, Renounce Religion, Evoke Berserk Rage


You were on level 6 of the Dungeon.
You worshipped Makhleb.
Makhleb was aware of your devotion.
You were not hungry.

You visited 2 branches of the dungeon, and saw 9 of its levels.

You collected 168 gold pieces.

Inventory:

Hand Weapons
 g - a +2 dagger of venom
 h - a +2 flail of pain (weapon)
Missiles
 d - 13 poisoned needles
Armour
 a - a +0 robe
 c - a +2 buckler (worn)
 k - a +2 pair of gloves (worn)
 l - a +1 chain mail of cold resistance
 r - a +2 leather armour of fire resistance (worn)
Jewellery
 b - a +5 ring of dexterity
 e - a ring of protection from cold (left hand)
 f - an amulet of rage (around neck)
 i - a +4 ring of intelligence
 n - a +4 ring of protection (right hand)
Wands
 q - a wand of random effects (11)
 s - a wand of digging (6)
Scrolls
 j - a scroll of enchant armour
 m - 2 scrolls of remove curse
 o - a scroll of amnesia
Comestibles
 p - 2 rations


   Skills:
 - Level 4.7 Fighting
 - Level 2.1 Dodging
 - Level 2.4 Stealth
 * Level 3.0 Shields
 - Level 3.7 Spellcasting
 - Level 7.4 Necromancy
 - Level 5.7 Invocations


You had 5 spell levels left.
You knew the following spells:

 Your Spells              Type           Power        Failure   Level  Hunger
a - Pain                  Necr           ####         1%          1    None
b - Animate Skeleton      Necr           N/A          1%          1    None
c - Vampiric Draining     Necr           ####......   3%          3    ###....
d - Animate Dead          Necr           N/A          11%         4    ####...

Your spell library contained the following spells:

 Spells                   Type           Power        Failure   Level  Hunger
 Regeneration             Chrm/Necr      Unusable     N/A         3    N/A

Dungeon Overview and Level Annotations

Branches:
Dungeon (8/15)             Temple (1/1) D:4
   Lair: D:8-11

Altars:
Ashenzari
Cheibriados
Dithmenos
Elyvilon
Fedhas
Gozag
Hepliaklqana
Kikubaaqudgha
Makhleb
Nemelex Xobeh
Okawaru
Qazlal
Ru
Sif Muna
Trog
Uskayaw
Vehumet
Wu Jian
Xom
Yredelemnul
Zin
The Shining One


Innate Abilities, Weirdness & Mutations

You are resistant to damage.
You can heal yourself by infusing magical energy.
You passively map a small area around you.
You do not regenerate.


Message History

The wyvern skeleton is moderately damaged.
The wyvern skeleton barely misses you. x2
You hit the wyvern skeleton.
The wyvern skeleton is heavily damaged.
The wyvern skeleton bites you!
* * * LOW HITPOINT WARNING * * *
You thump the wyvern skeleton!
The wyvern skeleton is severely damaged.
The wyvern skeleton closely misses you. The wyvern skeleton barely misses you.
You hit the wyvern skeleton.
The wyvern skeleton is severely damaged.
The wyvern skeleton bites you. You block the wyvern skeleton's attack.
You hit the wyvern skeleton.
The wyvern skeleton is severely damaged.
The wyvern skeleton misses you. x2
You barely miss the wyvern skeleton.
The wyvern skeleton is severely damaged.
The wyvern skeleton bites you but does no damage.
The wyvern skeleton bites you!
You die...

#.#.####..####### #.#.#
#........#
#.#.####........#
#[#........<....##### *
#............)....... ,
#........#...((..### , , *
#>................... ,
#......o##......Z#### * ..
, #....F..##......@# ...,
#####.####.......######...
, #.##########......... ,
#..o...............# ,
#.#######..........# , *
###+#######..........# , +
.........##..........# ,,
.........##..........#* ,
.....................+ , ,
,


You could see a wyvern skeleton.

Vanquished Creatures
  Grinder (D:5)
  Sigmund (D:5)
  Edmund (D:4)
  A black bear (D:8)
  An ogre (D:4)
  2 bullfrogs (D:6)
  A wight (D:6)
  2 crimson imps
  2 hounds
  2 orc priests
  2 orc wizards
  2 worker ants
  An iguana (D:5)
  A killer bee zombie (D:5)
  7 adders
  2 shadow imps
  An adder skeleton (D:4)
  3 worms
  5 leopard geckos
  9 orcs
  5 bats
  16 giant cockroaches
  6 goblins
  6 hobgoblins
  9 jackals
  6 kobolds
  3 quokkas
  6 frilled lizards
  3 rats
107 creatures vanquished.

Notes
Turn   | Place    | Note
-------+----------+-------------------------------------------
     0 | D:1      | Amplified the Deep Dwarf Necromancer began the quest for
                  | the Orb.
     0 | D:1      | Reached XP level 1. HP: 15/15 MP: 3/3
   367 | D:1      | Reached XP level 2. HP: 24/24 MP: 3/5
   405 | D:1      | Learned a level 1 spell: Animate Skeleton
   690 | D:2      | Reached skill level 1 in Fighting
   947 | D:2      | Reached XP level 3. HP: 28/31 MP: 1/6
  1236 | D:2      | Reached skill level 5 in Necromancy
  1271 | D:2      | Learned a level 3 spell: Vampiric Draining
  1719 | D:3      | Reached XP level 4. HP: 28/39 MP: 5/7
  2833 | D:4      | Found a staircase to the Ecumenical Temple.
  3025 | Temple   | Entered the Ecumenical Temple
  3030 | Temple   | Reached XP level 5. HP: 19/46 MP: 0/8
  3156 | Temple   | Became a worshipper of Makhleb the Destroyer
  3254 | D:4      | Noticed a phantom
  3277 | D:5      | Entered Level 5 of the Dungeon
  3541 | D:5      | Learned a level 4 spell: Animate Dead
  3546 | D:5      | Noticed Edmund
  3565 | D:4      | Reached skill level 1 in Invocations
  3571 | D:4      | Noticed an ogre
  3697 | D:4      | HP: 2/46 [ogre/+0 giant club (18)]
  3707 | D:4      | Killed an ogre
  3707 | D:4      | Reached skill level 6 in Necromancy
  3707 | D:4      | Reached XP level 6. HP: 3/56 MP: 0/10
  4412 | D:4      | Killed Edmund
  4516 | D:5      | Noticed Sigmund
  4557 | D:5      | Found a hazy altar of Hepliaklqana.
  4690 | D:5      | Noticed Grinder
  4801 | D:6      | Found an opulent altar of Gozag.
  4939 | D:8      | Reached XP level 7. HP: 27/63 MP: 0/11
  4964 | D:8      | Noticed a hippogriff
  4964 | D:8      | Noticed a hippogriff
  5364 | D:5      | Paralysed by Grinder for 2 turns
  5375 | D:5      | Paralysed by Grinder for 4 turns
  5383 | D:5      | Killed Grinder
  5383 | D:5      | Reached * piety under Makhleb
  5383 | D:5      | Reached skill level 7 in Necromancy
  5383 | D:5      | Reached skill level 5 in Invocations
  5537 | D:5      | Reached XP level 8. HP: 30/73 MP: 12/12
  5726 | D:5      | Killed Sigmund
  6189 | D:6      | Reached skill level 1 in Shields
  6333 | D:6      | Slain by a wyvern skeleton

Skill      XL: |  1  2  3  4  5  6  7  8 |
---------------+-------------------------+-----
Spellcasting   | 2 3 |  3.7
Fighting       | 1 2 3 4 |  4.7
Necromancy     | 5 6 7 |  7.4
Invocations    | 2 3 5 |  5.7
Shields        | 3 |  3.0
Dodging        | |  2.1
Stealth        | |  2.4

Action                   |  1- 3 |  4- 6 |  7- 9 || total
-------------------------+-------+-------+-------++-------
Melee: Whip              |    25 |   163 |       ||   188
       Dagger            |       |    31 |       ||    31
       Flail             |       |     1 |    64 ||    65
 Cast: Pain              |    57 |    41 |     2 ||   100
       Vampiric Draining |     2 |    23 |    23 ||    48
       Animate Dead      |       |       |     1 ||     1
 Abil: Heal Wounds       |       |       |     1 ||     1
       Evoke Berserk Rag |       |       |     1 ||     1
  Use: Scroll            |     5 |     6 |     4 ||    15
       Potion            |       |     6 |     2 ||     8
 Stab: Sleeping          |       |     2 |     1 ||     3
  Eat: Chunk             |     3 |     5 |     2 ||    10
       Ration            |       |     3 |     1 ||     4
Armor: Robe              |    12 |    98 |    12 ||   122
       Leather armour    |       |       |     4 ||     4
       Skin              |       |       |     3 ||     3
Dodge: Dodged            |    33 |   206 |    57 ||   296
Block: Buckler           |       |       |    14 ||    14
